 Dungeon Crawl Stone Soup version 0.29-a0-322-g68df515428 (webtiles) character file.

Game seed: 2081434344129146853

71 sizableburger the Purveyor of Pain (level 4, -5/30 HPs)
             Began as a Human Necromancer on Apr 9, 2022.
             Was an Initiate of Kikubaaqudgha.
             Slain by an orc
             ... wielding a +0 spear of distortion
              (6 damage)
             ... on level 3 of the Dungeon.
             The game lasted 00:05:19 (2695 turns).

sizableburger the Purveyor of Pain (HuNe)           Turns: 2695, Time: 00:05:20

Health: -5/30      AC:  4    Str:  9    XL:     4   Next: 47%
Magic:  2/7        EV: 12    Int: 17    God:    Kikubaaqudgha [......]
Gold:   198        SH:  0    Dex: 13    Spells: 2/7 levels left

rFire   . . .      SeeInvis .   s - +0 quarterstaff
rCold   . . .      Faith    .   (shield currently unavailable)
rNeg    . . .      Spirit   .   a - +0 robe
rPois   .          Reflect  .   (no helmet)
rElec   .          Harm     .   (no cloak)
rCorr   .          Rampage  .   e - +0 pair of gloves
Will    .....                   o - +0 pair of boots
Stlth   ++........              (no amulet)
HPRegen 0.10/turn               (no ring)
MPRegen 0.10/turn               (no ring)

@: no status effects
A: no striking features
a: Renounce Religion


You were on level 3 of the Dungeon.
You worshipped Kikubaaqudgha.
Kikubaaqudgha was noncommittal.
You visited 1 branch of the dungeon, and saw 3 of its levels.

You collected 198 gold pieces.

Inventory:

Hand Weapons
 s - a +0 quarterstaff (weapon)
Missiles
 i - 5 poisoned darts
 m - 6 javelins
Armour
 a - a +0 robe (worn)
 e - a +0 pair of gloves (worn)
 o - a +0 pair of boots (worn)
Scrolls
 c - 3 scrolls of teleportation {unknown}
 g - a scroll of magic mapping {unknown}
 h - a scroll of fog {unknown}
 j - 2 scrolls of identify {unknown}
 k - a scroll of amnesia {unknown}
 l - a scroll of blinking {unknown}
 r - a scroll of brand weapon {unknown}
Potions
 b - a potion of magic
 d - 2 potions of haste {unknown}
 f - 2 potions of degeneration {unknown}
 n - a potion of mutation {unknown}
 p - a potion of lignification {unknown}
 q - a potion of flight {unknown}


   Skills:
 - Level 2.1 Polearms
 + Level 0.0(1.2) Staves
 - Level 2.2 Dodging
 - Level 2.1 Stealth
 - Level 2.1 Spellcasting
 + Level 4.8 Necromancy


You had 2 spell levels left.
You knew the following spells:

 Your Spells              Type           Power      Damage    Failure   Level
a - Pain                  Necr           72%        1d7       2%          1
b - Animate Skeleton      Necr           36%        N/A       2%          1
c - Vampiric Draining     Necr           18%        2d7       8%          3

Your spell library contained the following spells:

 Spells                   Type           Power      Damage    Failure   Level
 Magic Dart               Conj           4%         1d3       19%         1
 Call Imp                 Summ           1%         N/A       28%         2
 Animate Dead             Necr           9%         N/A       26%         4
 Mephitic Cloud           Conj/Pois/Air  1%         N/A       50%         3
 Agony                    Necr           18%        N/A       58%         5
 Malign Gateway           Summ/Tloc      0%         N/A       100%        7
 Summon Horrible Things   Summ           0%         N/A       100%        8


Dungeon Overview and Level Annotations

Branches:
Dungeon (3/15)

Altars:
Kikubaaqudgha


Message History

An orc comes into view. It is wielding a +0 short sword.
The orc shouts!
An orc is nearby!
An orc comes into view.
It is wielding a +0 spear of distortion.
Press: ? - help, v - describe, . - travel A rock wall.
The orc writhes in agony.
The orc writhes in agony.
The orc barely resists.
Casting: Pain (safe; 2% risk of failure)
Confirm with . or Enter, or press ? or * to list all spells.
There is nothing nearby to animate!
Unknown command.
Unknown command.
Casting: Animate Skeleton (safe; 2% risk of failure)
Confirm with . or Enter, or press ? or * to list all spells.
The spell is quite dangerous to miscast (8% risk of failure)!
Continue anyway?
Aiming: Vampiric Draining (quite dangerous; 8% risk of failure)
Press: ? - help, Shift-Dir - straight line, f/p - orc
Aim: an orc, wielding a +0 short sword and wearing a +0 ring mail (heavily wounded)
You miscast Vampiric Draining.
You are very lightly contaminated with residual magic.
Nothing appears to happen.
The orc barely misses you.
You hit the orc but do no damage.
The orc is heavily wounded.
The orc barely misses you.
An orc comes into view. It is wielding a +1 vorpal falchion.
The orc barely misses you. The orc attacks as you move away!
The orc hits you with a +0 short sword. The orc attacks as you move away!
The orc hits you but does no damage.
Your magical contamination has completely faded away.
The orc hits you with a +0 short sword. The orc barely misses you.
There is an open door here.
The orc shouts!
The orc hits you but does no damage. Space warps horribly around you!!
Ouch! That really hurt!
* * * LOW HITPOINT WARNING * * *
The orc hits you from afar with a +0 spear of distortion.
You die...
Kikubaaqudgha rasps: "You have failed me!
Welcome... death!"

################ #.########.#
...............# #.# #.###
##############.#####.# #.#.. #
#####.#...#.# #.#.# #
###.....#...#.# ######.#.# #
#.......#...#.# #........# #
#.......#...#.# #........# #
#.....)<#...#.# #........#
########......##@o.#.###........#
.......)...........'.............
...###.#...[..##..o#.#.#.........
...# #.#..)......................
...# #.#....(###......≈......≈≈.#
#### #.#.....# #o....)≈≈....≈≈≈.#
######.#.....###.....≈≈≈≈....≈..#
.....................≈≈≈≈.[......
.......###..........≈≈≈≈≈≈......#


You could see 3 orcs.

Vanquished Creatures
  3 adders
  2 worms (D:2)
  3 dart slugs
  An orc (D:3)
  2 ball pythons
  4 endoplasms
  2 giant cockroaches
  A goblin (D:1)
  2 hobgoblins
  3 jackals (D:3)
  2 kobolds
  A quokka (D:3)
  A bat (D:2)
  A frilled lizard (D:1)
  4 rats
32 creatures vanquished.

Vanquished Creatures (others)
  A bat (D:3)
1 creature vanquished.

Grand Total: 33 creatures vanquished

Notes
Turn   | Place    | Note
-------+----------+-------------------------------------------
     0 | D:1      | sizableburger the Human Necromancer began the quest for the
                  | Orb.
     0 | D:1      | Reached XP level 1. HP: 13/13 MP: 3/3
   212 | D:1      | Learned a level 1 spell: Animate Skeleton
   259 | D:1      | Reached XP level 2. HP: 18/19 MP: 5/5
   589 | D:1      | Found a faded altar of an unknown god.
   797 | D:2      | Reached skill level 1 in Polearms
   797 | D:2      | Reached XP level 3. HP: 16/24 MP: 1/6
  1103 | D:2      | Learned a level 3 spell: Vampiric Draining
  1926 | D:3      | Reached XP level 4. HP: 30/30 MP: 3/7
  1971 | D:3      | Found an ancient bone altar of Kikubaaqudgha.
  1992 | D:3      | Became a worshipper of Kikubaaqudgha
  2694 | D:3      | HP: 1/30 [orc/+0 spear of distortion (18)]
  2695 | D:3      | Slain by an orc

Illustrated notes

Levels and vault maps discovered:
D:1:      lightli_arrival_maybe_door_vault, layout_basic,
          dilly_ecumenical_altar_fadedgnrine
D:2:      layout_basic, nrook_campfire
D:3:      layout_basic, mainiacjoe_overflow_alcove_2, lemuel_old_faithful

Skill      XL: |  1  2  3  4 |
---------------+-------------+-----
Polearms       | 1 2 |  2.1
Dodging        | |  2.2
Stealth        | |  2.1
Spellcasting   | |  2.1
Necromancy     | |  4.8

Action                   |  1- 3 |  4- 6 || total
-------------------------+-------+-------++-------
Melee: Spear             |    64 |    44 ||   108
       Quarterstaff      |       |     4 ||     4
       Punch             |       |     2 ||     2
 Cast: Pain              |    31 |     3 ||    34
       Animate Skeleton  |     1 |       ||     1
       Vampiric Draining |     3 |     2 ||     5
 Stab: Sleeping          |     4 |     1 ||     5
Armor: Robe              |    14 |    23 ||    37
Dodge: Dodged            |    29 |    39 ||    68

Table legend: (Time is in decaauts)
 A = Elapsed time spent in this place.
 B = Non-inter-level travel time spent in this place.
 C = Inter-level travel time spent in this place.
 D = Time resting spent in this place.
 E = Time spent auto-exploring this place.
 F = Levels seen in this place.
 G = Mean time per level.
                   A        B        C        D        E       F      G
               +--------+--------+--------+--------+--------+-----+--------+
         Total |   2700 |   2584 |    116 |    460 |   1633 |   3 |  900.0 |
       Dungeon |   2700 |   2584 |    116 |    460 |   1633 |   3 |  900.0 |
               +--------+--------+--------+--------+--------+-----+--------+

Top non-repeatable levels by time:
     D:3: 1036 daAuts
     D:1: 868 daAuts
     D:2: 794 daAuts
